details: 'human caster= rapesauce'

« prev index next »

General information

Mini Map

Players

team 1
Humanmr.miagi (teal | 69 APM | 1468 actions | 21:10)
Hero icon 5 Archmage
Ability icon 3 Summon Water Elemental
Ability icon 2 Brilliance Aura
Hero icon 4 Paladin
Ability icon 2 Holy Light
Ability icon 2 Devotion Aura
Hero icon 1 Keeper of the Grove
Ability icon 1 Thorns Aura

» actions
Assign group hotkey46
Basic commands241
Build / train80
Enter build submenu23
Enter hero's abilities submenu12
Give item / drop item3
Right click198
Select / deselect310
Select group hotkey432
Use ability123
1468 total
» units
Peasant14
Footman7
Mortar Team13
Knight6
Chimaera2
42 total
» upgrades
Defend1
Masonry3
Gunpowder3
Lumber Harvesting2
Fragmentation Shards1
Flare1
Plating1
Armor1
13 total
» buildings
Barracks1
Farm12
Altar of Kings1
Lumber Mill1
Keep1
Scout Tower2
Arcane Vault1
Guard Tower3
Blacksmith1
Castle1
Workshop2
Town Hall1
27 total
» build order
00:09 Barracks
00:13 Farm
00:18 Altar of Kings
00:47 Farm
01:31 Farm
01:55 Lumber Mill
02:54 Keep
03:01 Scout Tower
03:05 Scout Tower
03:43 Arcane Vault
03:46 Guard Tower
04:02 Farm
04:07 Blacksmith
04:47 Guard Tower
04:47 Guard Tower
06:13 Castle
06:47 Workshop
06:52 Workshop
07:03 Farm
07:08 Farm
07:55 Farm
09:30 Farm
09:46 Farm
09:48 Farm
11:03 Farm
11:05 Farm
20:34 Town Hall
» items
Scroll of Regeneration1
Scroll of Town Portal2
3 total
Random» HumanIF0CKEDYASISTER (red | 5 APM | 104 actions | 19:05)
Hero icon 1 Blood Mage
Ability icon 1 Flame Strike

» actions
Build / train10
Enter build submenu2
Enter hero's abilities submenu1
Right click25
Select / deselect64
Use ability2
104 total
» units
Peasant8
8 total
» buildings
Farm1
Altar of Kings1
2 total
» build order
01:05 Farm
01:07 Altar of Kings
Random» NightElfCapnKrunch (yellow | 29 APM | 552 actions | 19:08)
Hero icon 1 Keeper of the Grove
Ability icon 1 Force of Nature
Hero icon 1 Priestess of the Moon
Ability icon 1 Searing Arrows

» actions
Build / train51
Enter build submenu22
Enter hero's abilities submenu2
Remove unit from queue2
Right click122
Select / deselect329
Use ability24
552 total
» units
Wisp18
Archer4
Huntress6
Hippogryph2
Chimaera6
36 total
» upgrades
Strength of the Wild3
Reinforced Hides1
Corrosive Breath1
Upgrade Moon Glaive1
6 total
» buildings
Altar of Elders1
Moon Well9
Ancient of War2
Hunter's Hall1
Tree of Ages1
Ancient of Wonders1
Ancient of Wind1
Tree of Eternity1
Chimaera Roost3
20 total
» build order
00:07 Altar of Elders
00:11 Moon Well
00:15 Ancient of War
02:07 Moon Well
02:57 Hunter's Hall
03:05 Moon Well
03:50 Tree of Ages
03:57 Ancient of War
04:01 Moon Well
04:42 Ancient of Wonders
04:55 Moon Well
05:51 Moon Well
06:17 Ancient of Wind
06:19 Tree of Eternity
08:49 Chimaera Roost
09:31 Chimaera Roost
10:04 Chimaera Roost
10:19 Moon Well
12:05 Moon Well
12:30 Moon Well
» items
Scroll of Town Portal1
1 total
OrcTimeTomorrow (blue | 29 APM | 556 actions | 19:07)
Hero icon 3 Far Seer
Ability icon 1 Feral Spirit
Ability icon 2 Chain Lighting
Hero icon 2 Tauren Chieftain
Ability icon 1 Shockwave
Ability icon 1 Endurance Aura

» actions
Assign group hotkey2
Basic commands13
Build / train46
Enter build submenu16
Enter hero's abilities submenu5
Right click166
Select / deselect252
Select group hotkey2
Use ability54
556 total
» units
Peon9
Makrura Snapper1
Shaman5
Tauren8
23 total
» upgrades
Shaman Training2
Melee Weapons2
Armor2
6 total
» buildings
Altar of Storms2
Orc Burrow5
Stronghold1
Voodoo Lounge1
War Mill1
Fortress1
Spirit Lodge1
Tauren Totem2
Watch Tower3
17 total
» build order
00:26 Altar of Storms
00:46 Orc Burrow
02:06 Stronghold
02:15 Voodoo Lounge
03:25 War Mill
03:51 Orc Burrow
04:32 Fortress
05:59 Altar of Storms
06:08 Spirit Lodge
06:18 Orc Burrow
07:55 Tauren Totem
08:02 Watch Tower
09:32 Watch Tower
10:13 Watch Tower
11:43 Tauren Totem
12:26 Orc Burrow
12:31 Orc Burrow
» items
Potion of Mana1
Healing Salve1
Orb of Lightning1
Potion of Healing3
Scroll of Town Portal1
7 total
team 2
Random» NightElfmeganoob1 (pink | 33 APM | 702 actions | 21:11)
Hero icon 6 Warden
Ability icon 3 Shadow Strike
Ability icon 2 Blink
Ability icon 1 Spirit of Vengeance

» actions
Assign group hotkey37
Build / train44
Enter build submenu18
Enter hero's abilities submenu6
Remove unit from queue1
Right click237
Select / deselect189
Select group hotkey125
Use ability45
702 total
» units
Wisp10
Archer5
Dryad6
Mountain Giant3
Makrura Deepseer1
25 total
» upgrades
Reinforced Hides2
Strength of the Wild2
Ultravision1
Abolish Magic1
Hardened Skin1
Resistant Skin2
9 total
» buildings
Altar of Elders1
Moon Well8
Ancient of War2
Hunter's Hall1
Tree of Ages1
Ancient of Lore2
Ancient of Wonders1
Tree of Eternity1
Tree of Life1
18 total
» build order
00:26 Altar of Elders
00:36 Moon Well
01:35 Ancient of War
01:50 Moon Well
01:55 Ancient of War
02:33 Hunter's Hall
03:10 Moon Well
03:38 Tree of Ages
05:33 Moon Well
06:09 Ancient of Lore
06:12 Ancient of Lore
06:58 Moon Well
07:54 Ancient of Wonders
08:55 Tree of Eternity
09:01 Moon Well
15:12 Moon Well
16:12 Moon Well
19:01 Tree of Life
» items
Orb of Venom1
1 total
Humanshadradoo (purple | 106 APM | 2250 actions | 21:12)
Hero icon 6 Archmage
Ability icon 3 Summon Water Elemental
Ability icon 2 Brilliance Aura
Ability icon 1 Mass Teleport
Hero icon 5 Naga Sea Witch
Ability icon 3 Frost Arrows
Ability icon 2 Forked Lightning
Hero icon 3 Firelord
Ability icon 2 Summon Lava Spawn
Ability icon 1 Incinerate

» actions
Assign group hotkey23
Basic commands55
Build / train70
Enter build submenu24
Enter hero's abilities submenu14
Give item / drop item2
Remove unit from queue2
Right click902
Select / deselect427
Select group hotkey608
Use ability123
2250 total
» units
Peasant10
Sorceress6
Priest5
Spell Breaker8
29 total
» upgrades
Lumber Harvesting1
Sorceress Training2
Priest Training2
Swords3
Plating3
11 total
» buildings
Altar of Kings1
Lumber Mill1
Farm12
Arcane Vault1
Scout Tower1
Keep1
Arcane Tower2
Blacksmith2
Arcane Sanctum4
Castle1
26 total
» build order
00:07 Altar of Kings
00:13 Lumber Mill
00:24 Farm
00:57 Farm
01:34 Arcane Vault
01:40 Farm
01:52 Scout Tower
02:34 Keep
02:52 Arcane Tower
03:23 Blacksmith
03:25 Blacksmith
03:39 Farm
03:43 Farm
05:05 Arcane Sanctum
05:07 Arcane Sanctum
05:08 Arcane Sanctum
05:13 Arcane Sanctum
05:44 Farm
06:59 Farm
07:53 Farm
08:48 Castle
08:53 Farm
09:31 Farm
12:32 Farm
15:44 Farm
» items
Lesser Clarity Potion1
Boots of Speed1
Scroll of Town Portal1
Potion of Healing3
6 total
HumanFukkitt (orange | 30 APM | 638 actions | 21:11)
Hero icon 5 Archmage
Ability icon 2 Summon Water Elemental
Ability icon 3 Brilliance Aura

» actions
Assign group hotkey14
Basic commands66
Build / train76
Enter build submenu20
Enter hero's abilities submenu5
Remove unit from queue2
Right click89
Select / deselect193
Select group hotkey136
Use ability37
638 total
» units
Peasant7
Mortar Team13
Flying Machine29
49 total
» upgrades
Masonry2
Lumber Harvesting1
Gunpowder3
Fragmentation Shards1
Armor1
Flak Cannons1
Flying Machine Bombs1
10 total
» buildings
Keep1
Farm12
Arcane Vault1
Blacksmith1
Lumber Mill1
Altar of Kings1
Workshop2
Castle1
Town Hall1
21 total
» build order
01:51 Keep
01:56 Farm
02:01 Arcane Vault
02:04 Blacksmith
02:30 Lumber Mill
02:38 Altar of Kings
03:06 Farm
03:47 Farm
03:50 Farm
04:14 Workshop
05:09 Workshop
07:06 Farm
07:12 Farm
07:14 Farm
07:16 Farm
10:49 Castle
14:24 Farm
14:26 Farm
15:37 Farm
15:39 Farm
20:44 Town Hall
» items
Scroll of Regeneration3
Lesser Clarity Potion2
Scroll of Town Portal2
7 total
Humanchilly (green | 19 APM | 410 actions | 21:11)
Hero icon 5 Archmage
Ability icon 3 Summon Water Elemental
Ability icon 2 Brilliance Aura

» actions
Build / train13
Enter build submenu2
Enter hero's abilities submenu5
Right click229
Select / deselect139
Use ability22
410 total
» units
Peasant7
7 total
» buildings
Altar of Kings1
Farm1
2 total
» build order
10:11 Altar of Kings
10:23 Farm

Chat log

(00:19 / All) IF0CKEDYASISTER: I AM THE DANCING QUEEN
(00:20 / Allies) Fukkitt: rush or no
(00:22 / All) IF0CKEDYASISTER: ONLY 17
(00:29 / All) IF0CKEDYASISTER: HAVING THE TIME OF MY LIFE
(00:37 / All) shadradoo: red i cant say your name without talking like a dwarf
(00:48 / Allies) Fukkitt: nvm gg
(01:08 / All) mr.miagi: greenday tiem
(01:11 / Allies) Fukkitt: gotta love 4rts
(01:20 / All) IF0CKEDYASISTER: I HAVE THE TIME OF MY LIFE TEAL
(01:20 / Allies) shadradoo: yea
(01:22 / All) IF0CKEDYASISTER: :)
(01:35 / Allies) Fukkitt: well goodluck
(02:02 / Allies) shadradoo: dont quit
(02:08 / Allies) Fukkitt: zaint
(02:13 / Allies) Fukkitt: just not playin now
(02:17 / Allies) Fukkitt: we lose

(04:41 / All) IF0CKEDYASISTER: THE DANCING QUEEN NEVER MAKE UNIT
(04:43 / All) IF0CKEDYASISTER: :)
(04:48 / All) IF0CKEDYASISTER: THAT WHY SHE A QUEEN
(05:02 / Allies) shadradoo: wood
(05:20 / Allies) shadradoo: woo0d plz

(06:36 / All) shadradoo: IMA WARIO
(06:38 / All) shadradoo: IMA GONNA WIN

(07:49 / Allies) shadradoo: i think we might win...

(09:37 / Allies) chilly: OMG
(09:41 / Allies) chilly: im sooo soorry
(09:44 / Allies) chilly: ill feed
(09:45 / Allies) shadradoo: stfu
(09:53 / Allies) shadradoo: ub etta
(10:22 / Allies) Fukkitt: ya gg
(10:34 / Allies) Fukkitt: thanks for help pink
(10:40 / Allies) Fukkitt: good luck idiots
(10:44 / Allies) meganoob1: lol
(10:56 / Allies) meganoob1: i couldn't get in there
(11:00 / Allies) Fukkitt: gg
(11:21 / Allies) shadradoo: now
(11:54 / Allies) shadradoo: kill mort
(12:39 / Allies) shadradoo: help
(12:40 / Allies) shadradoo: fuckers

(13:51 / Allies) shadradoo: orange spend gold
(13:51 / Allies) shadradoo: ffs

(15:40 / Allies) shadradoo: hit now
(15:51 / Allies) shadradoo: orange
(16:47 / Allies) shadradoo: b

(18:32 / Allies) shadradoo: lmfao
(18:47 / Allies) chilly: wow
(18:54 / Allies) chilly: 3 vs 4 and they lose
(19:03 / Allies) shadradoo: im sooooo gooooood
(19:06 / Allies) chilly: majorly lose
(19:11 / All) mr.miagi: noob
(19:16 / All) shadradoo: you guys should be ashamed
(19:20 / Allies) chilly: nice job purp
(19:23 / Allies) shadradoo: ty
(19:49 / Allies) shadradoo: had to get out
(20:04 / All) mr.miagi: gg
(20:24 / All) shadradoo: ggg